 Dungeon Crawl Stone Soup version 0.26-a0-1033-gd598b01645 (webtiles) character file.

Game seed: 7489237333150563135

89 Morbidden the Conjurer (level 4, -1/31 HPs)
             Began as a Demonspawn Conjurer on Dec 10, 2020.
             Slain by a sky beast (3 damage)
             ... on level 3 of the Dungeon.
             The game lasted 00:05:14 (3039 turns).

Morbidden the Conjurer (Demonspawn Conjurer)        Turns: 3039, Time: 00:05:16

Health: -1/31      AC:  4    Str:  7    XL:     4   Next: 31%
Magic:  8/8        EV: 12    Int: 21    God:
Gold:   50         SH:  0    Dex: 13    Spells: 5/8 levels left

rFire    . . .     SeeInvis +   (no weapon)
rCold    . . .     Faith    .   (no shield)
rNeg     . . .     Spirit   .   a - +0 robe
rPois    .         Reflect  .   (helmet restricted)
rElec    .         Harm     .   (no cloak)
rCorr    .         Rampage  .   o - +0 pair of gloves
Will     .....                  i - +0 pair of boots
Stlth    +++.......             (no amulet)
HPRegen  0.10/turn              m - ring of see invisible
MPRegen  0.11/turn              (no ring)

@: no status effects
A: horns 1, thin skeletal structure 1
a: no special abilities


You were on level 3 of the Dungeon.
You visited 1 branch of the dungeon, and saw 4 of its levels.

You collected 50 gold pieces.

Inventory:

Missiles
 e - 4 curare-tipped darts
 h - 21 arrows
 s - 5 poisoned darts (quivered)
 t - a throwing net
Armour
 a - a +0 robe (worn)
 i - a +0 pair of boots (worn)
 k - a scarf of shadows
 o - a +0 pair of gloves (worn)
Jewellery
 m - a ring of see invisible (left hand)
Scrolls
 d - 3 scrolls of teleportation
 f - 3 scrolls of remove curse
 q - 4 scrolls of identify
 r - a scroll of enchant weapon
Potions
 b - 2 potions of haste {unknown}
 c - a potion of resistance {unknown}
 g - 2 potions of curing {unknown}
 j - a potion of magic {unknown}
 l - a potion of cancellation {unknown}
 n - a potion of attraction {unknown}
 u - 2 potions of brilliance {unknown}
 v - a potion of invisibility {unknown}


   Skills:
 * Level 0.9 Fighting
 + Level 0.5 Throwing
 + Level 2.0 Dodging
 + Level 2.0 Stealth
 * Level 2.7 Spellcasting
 * Level 4.9 Conjurations


You had 5 spell levels left.
You knew the following spells:

 Your Spells              Type           Power        Failure   Level
a - Magic Dart            Conj           ###.         1%          1
b - Searing Ray           Conj           ###...       2%          2

Your spell library contained the following spells:

 Spells                   Type           Power        Failure   Level
 Dazzling Flash           Conj/Hex       ##....       16%         3
 Fulminant Prism          Conj/Hex       ##........   45%         4
 Iskenderun's Mystic Bla  Conj/Tloc      ##......     45%         4


Dungeon Overview and Level Annotations

Branches:
Dungeon (4/15)             Temple (0/1) D:4

Altars:

Annotations:
D:3 Ijyb


Innate Abilities, Weirdness & Mutations

You have a pair of small horns on your head.
You have a somewhat thin skeletal structure. (Dex +2, Stealth)


Message History

Unknown command.
You barely miss Ijyb.
The orc shouts!
You hear a shout!
An orc comes into view.
It is wielding a +1 dagger of electrocution.
The orc hits you with a cursed -3 flail.
Ijyb misses you.
The orc hits you with a +1 flail of holy wrath!
You convulse!
* * * LOW HITPOINT WARNING * * *
The goblin hits you with a +0 club.
* * * LOW HITPOINT WARNING * * *
The sky beast barely misses you.
You barely miss the orc.
A hobgoblin comes into view. It is wielding a +0 club.
The orc barely misses you. The kobold closely misses you.
The orc barely misses you.
Ijyb screams, "It's all mine!"
Ijyb barely misses you. The orc misses you. The goblin barely misses you.
The sky beast hits you.
You die...

.# # ..K......# .#.#
.........# .#.# ... .##
...
########################
...............o.g......
###########.K.rY@o...# #
#....Kgo...#
#.......g..#
#.........o..(
#..........o..
#............g
##########.... ....


You could see a sky beast (invisible), Ijyb, 5 orcs, 2 hobgoblins, a goblin, 2
kobolds and a rat.

Vanquished Creatures
  3 adders
  A worm (D:2)
  4 dart slugs
  2 leopard geckos
  2 giant cockroaches
  5 goblins
  3 hobgoblins (D:1)
  4 jackals (D:1)
  5 kobolds
  4 ball pythons (D:1)
  8 bats
  6 frilled lizards
  3 rats
50 creatures vanquished.

Notes
Turn   | Place    | Note
-------+----------+-------------------------------------------
     0 | D:1      | Morbidden the Demonspawn Conjurer began the quest for the
                  | Orb.
     0 | D:1      | Reached XP level 1. HP: 13/13 MP: 3/3
   654 | D:1      | Gained mutation: You have a somewhat thin skeletal
                  | structure. (Dex +2, Stealth) [demonic ancestry]
   654 | D:1      | Reached XP level 2. HP: 19/19 MP: 0/5
   820 | D:1      | Learned a level 2 spell: Searing Ray
  1407 | D:1      | Gained mutation: You have a pair of small horns on your
                  | head. [demonic ancestry]
  1407 | D:1      | Reached XP level 3. HP: 21/24 MP: 1/6
  2436 | D:2      | Reached XP level 4. HP: 31/31 MP: 0/7
  2898 | D:3      | You fall into a shaft and drop 1 floor!
  2987 | D:4      | Noticed a sky beast
  3005 | D:4      | Found a staircase to the Ecumenical Temple.
  3033 | D:3      | Noticed Ijyb
  3039 | D:3      | Slain by a sky beast

Illustrated notes

Levels and vault maps discovered:
D:1:      dpeg_arrival_central, layout_basic, minmay_shallow_snake_nest
D:2:      minmay_recursive_quarters, layout_loops_ring, chequers_jeans
D:3:      layout_basic, gammafunk_temple_overflow_pools, gup_sewer_entry_pipe,
          uniq_ijyb
D:4:      layout_basic, nicolae_gozag_seed_capital,
          minmay_temple_entry_overgrown, palyth_stone_intersect

Skill      XL: |  1  2  3  4 |
---------------+-------------+-----
Stealth        | 2 |  2.0
Dodging        | 2 |  2.0
Fighting       | |  0.9
Throwing       | |  0.5
Spellcasting   | |  2.7
Conjurations   | |  4.9

Action                   |  1- 3 |  4- 6 || total
-------------------------+-------+-------++-------
Melee: Unarmed           |    46 |     5 ||    51
       Headbutt          |     1 |       ||     1
Throw: Dart              |    15 |       ||    15
 Cast: Magic Dart        |    75 |    15 ||    90
       Searing Ray       |     4 |       ||     4
  Use: Scroll            |     1 |     5 ||     6
Armor: Robe              |    26 |     5 ||    31
Dodge: Dodged            |    61 |    19 ||    80

Table legend: (Time is in decaauts)
 A = Elapsed time spent in this place.
 B = Non-inter-level travel time spent in this place.
 C = Inter-level travel time spent in this place.
 D = Time resting spent in this place.
 E = Time spent auto-exploring this place.
 F = Levels seen in this place.
 G = Mean time per level.
                   A        B        C        D        E       F      G
               +--------+--------+--------+--------+--------+-----+--------+
         Total |   3038 |   2927 |    111 |    445 |   1867 |   4 |  759.5 |
       Dungeon |   3038 |   2927 |    111 |    445 |   1867 |   4 |  759.5 |
               +--------+--------+--------+--------+--------+-----+--------+

Top non-repeatable levels by time:
     D:1: 1681 daAuts
     D:2: 1189 daAuts
     D:4: 115 daAuts
     D:3: 52 daAuts
